 Dungeon Crawl Stone Soup version 0.31-a0-233-g139696dc86 (webtiles) character file.

Game seed: 18388274720086514543

141 qw the Shooter (level 5, 0/30 HPs)
             Began as a Gargoyle Hexslinger on July 9, 2023.
             Slain by a gnoll
             ... wielding a +0 spear
             ... led by a gnoll bouda
              (2 damage)
             ... on level 4 of the Dungeon.
             The game lasted 00:01:03 (2093 turns).

qw the Shooter (Gargoyle Hexslinger)                Turns: 2093, Time: 00:01:03

Health: 0/30       AC:  9    Str: 11    XL:     5   Next: 24%
Magic:  6/6        EV: 10    Int: 14    God:
Gold:   162        SH:  0    Dex: 20    Spells: 5/6 levels left

rFire   . . .        Y - +1 sling
rCold   . . .        (no shield)
rNeg    + . .        d - +0 ring mail
rPois   inf          (no helmet)
rElec   +            (no cloak)
rCorr   .            (no gloves)
SInv    +            (no boots)
Will    .....        (no amulet)
Stlth   +            g - ring of see invisible
HPRegen 0.25/turn    b - +6 ring of dexterity
MPRegen 0.10/turn

%: no passive effects
@: about to teleport
A: sickness immunity, AC +4, negative energy resistance 1, electricity
resistance, torment resistance 1, petrification resistance
a: no special abilities


You were on level 4 of the Dungeon.
You visited 1 branch of the dungeon, and saw 4 of its levels.

You collected 162 gold pieces.


Innate Abilities, Weirdness & Mutations

You are immune to sickness and miasma.
Your stone body is resilient. (AC +4)
You are immune to poison.
You resist negative energy. (rN+)
You are resistant to electric shocks. (rElec)
You are resistant to unholy torment.
You are immune to petrification.


   Skills:
 - Level 2.0 Fighting
 + Level 4.8 Ranged Weapons
 - Level 1.0 Armour
 - Level 1.5 Dodging
 - Level 1.0 Spellcasting
 - Level 2.6 Hexes


You had 5 spell levels left.
You knew the following spells:

 Your Spells              Type           Power      Damage    Failure   Level
a - Slow                  Hex            32%        N/A       21%         1

Your spell library contained the following spells:

 Spells                   Type           Power      Damage    Failure   Level
 Inner Flame              Hex/Fire       4%         N/A       71%         3
 Portal Projectile        Hex/Tloc       8%         N/A       71%         3
 Cause Fear               Hex            4%         N/A       90%         4

Inventory:

Hand Weapons
 Y - a +1 sling (weapon)
Armour
 d - a +0 ring mail (worn)
Jewellery
 b - a +6 ring of dexterity (right hand)
 g - a ring of see invisible (left hand)
 i - a ring of fire
Scrolls
 a - a scroll of identify
Potions
 c - a potion of heal wounds {unknown}
 e - a potion of haste {unknown}
 f - 3 potions of curing
 h - a potion of mutation {unknown}

Dungeon Overview and Level Annotations

Branches:
Dungeon (4/15)
 Temple: D:4-7

Altars:
Elyvilon
Hepliaklqana
Wu Jian
Xom
The Shining One


Message History

The sling bullet barely misses the endoplasm.
The endoplasm quivers.
The gnoll shouts!
You hear a shout!
A gnoll comes into view. It is wielding a +0 spear.
2085 ||| Stepping ~*~*~tactically~*~*~ (outnumbered).
2086 ||| Stepping ~*~*~tactically~*~*~ (outnumbered).
Enter note:
Enter note: You shoot a sling bullet.
The sling bullet hits the endoplasm.
The endoplasm is lightly wounded.
2088 ||| Stepping ~*~*~tactically~*~*~ (outnumbered).
You shoot a sling bullet. The sling bullet hits the endoplasm.
The endoplasm is moderately wounded.
You shoot a sling bullet.
The sling bullet hits the endoplasm but does no damage.
The endoplasm is moderately wounded.
You hear a shout! x3
The gnoll hits you from afar with a +0 halberd!
The endoplasm freezes you.
You are frozen.
You shoot a sling bullet. The sling bullet hits the endoplasm!
You kill the endoplasm!
The gnoll barely misses you.
A gnoll bouda comes into view. It is wielding a +0 club.
The gnoll hits you from afar with a +0 halberd!
A gnoll comes into view. It is wielding a +0 club.
The gnoll hits you from afar with a +0 spear.
2092 ||| READING scroll of teleportation.
As you read the scroll of teleportation, it crumbles to dust.
You feel strangely unstable.
The gnoll bouda barks out a call to the hunt!
The gnolls pick up the pace!
The gnoll barely misses you.
The gnoll hits you from afar with a +0 spear.
A gnoll comes into view. It is wielding a +0 spear.
You shoot a sling bullet. The sling bullet hits the gnoll bouda.
The gnoll bouda is lightly wounded.
The gnoll closely misses you.
The gnoll hits you from afar with a +0 spear.
You die...

..#.....#..#.# .
............# ###?
#.......#..###
....###.....##....#
....#..###..#..#.#
........#......#.#
#.........#.#.# .
#.........#.#<#
....#...g)@...#.###
........g#g.....#
.....#..###.g#..#
.... ##.. ..##.##
### g...... ..
...........#
..#g....#..
..##...##.. .. ....


You could see a gnoll bouda and 3 gnolls.

Vanquished Creatures
  7 adders
  3 worms (D:3)
  4 dart slugs
  An orc (D:2)
  6 endoplasms
  A giant cockroach (D:1)
  6 goblins
  4 hobgoblins
  7 kobolds
  5 quokkas
  7 ball pythons
  3 bats
  3 frilled lizards
  5 rats
62 creatures vanquished.

Notes
Turn   | Place    | Note
-------+----------+-------------------------------------------
     0 | D:1      | qw the Gargoyle Hexslinger began the quest for the Orb.
     0 | D:1      | Reached XP level 1. HP: 12/12 MP: 2/2
     0 | D:1      | 0 ||| qw: Version: 0.3-a-51-g015441d
     0 | D:1      | 0 ||| qw: Game counter: 3926
     0 | D:1      | 0 ||| qw: Melee chars always use a shield: true
     0 | D:1      | 0 ||| qw: God list: Okawaru
     0 | D:1      | 0 ||| qw: Allow faded altars: false
     0 | D:1      | 0 ||| qw: Do Orc after clearing Dungeon:15 true
     0 | D:1      | 0 ||| qw: Do second Lair branch before Depths: true
     0 | D:1      | 0 ||| qw: Lair rune preference: random
     0 | D:1      | 0 ||| qw: Goals: Normal
     0 | D:1      | 0 ||| PLANNING D:1-11
    66 | D:1      | Reached XP level 2. HP: 16/16 MP: 3/3
   183 | D:1      | Reached skill level 3 in Ranged Weapons
   469 | D:1      | 469 ||| UPGRADING to +0 ring mail.
   479 | D:1      | 479 ||| DROPPING +0 robe.
   480 | D:1      | 480 ||| UPGRADING to ring of see invisible.
   481 | D:1      | 481 ||| READING 3 scrolls labelled ROKLAE LAMN.
   482 | D:1      | 482 ||| READING 2 scrolls of identify.
   482 | D:1      | 482 ||| IDENTIFYING sedimented clear potion
   483 | D:1      | 483 ||| DROPPING scroll of poison.
   484 | D:1      | 484 ||| DROPPING potion of invisibility.
   519 | D:2      | 519 ||| STAIRDANCE
   541 | D:2      | Reached XP level 3. HP: 21/21 MP: 4/4
   570 | D:2      | Found a faded altar of an unknown god.
   819 | D:2      | Reached XP level 4. HP: 26/26 MP: 5/5
   872 | D:2      | Reached skill level 4 in Ranged Weapons
  1053 | D:2      | 1053 ||| DROPPING amulet of magic regeneration.
  1054 | D:2      | 1054 ||| READING scroll labelled HOLIRA YTTASTRY.
  1055 | D:2      | 1055 ||| READING scroll labelled LOXTOICRIA.
  1059 | D:2      | 1059 ||| READING 2 scrolls of identify.
  1059 | D:2      | 1059 ||| IDENTIFYING grey potion
  1060 | D:2      | 1060 ||| DROPPING potion of magic.
  1083 | D:3      | Reached skill level 1 in Armour
  1118 | D:3      | Found an ornate altar of the Wu Jian Council.
  1284 | D:3      | Found a white marble altar of Elyvilon.
  1414 | D:3      | HP: 4/26 [worm (8)]
  1522 | D:3      | Reached XP level 5. HP: 28/30 MP: 6/6
  1762 | D:3      | Found a shimmering altar of Xom.
  1771 | D:3      | Found a glowing golden altar of the Shining One.
  2010 | D:3      | 2010 ||| READING scroll labelled HOIRAERO CEEHE.
  2010 | D:3      | Identified a scroll of acquirement
  2010 | D:3      | 2010 ||| ACQUIRING +6 ring of dexterity
  2010 | D:3      | Acquired a +6 ring of dexterity
  2012 | D:3      | 2012 ||| UPGRADING to +6 ring of dexterity.
  2013 | D:3      | 2013 ||| DRINKING 4 clear potions.
  2034 | D:4      | Found a hazy altar of Hepliaklqana.
  2085 | D:4      | 2085 ||| Stepping ~*~*~tactically~*~*~ (outnumbered).
  2086 | D:4      | 2086 ||| Stepping ~*~*~tactically~*~*~ (outnumbered).
  2088 | D:4      | 2088 ||| Stepping ~*~*~tactically~*~*~ (outnumbered).
  2091 | D:4      | HP: 5/30 [gnoll/+0 spear[a gnoll bouda] (5)]
  2092 | D:4      | 2092 ||| READING scroll of teleportation.
  2092 | D:4      | HP: 1/30 [gnoll/+0 spear[a gnoll bouda] (4)]
  2093 | D:4      | Slain by a gnoll

Levels and vault maps discovered:
D:1:      grunt_arrival_lava_bath, layout_rooms
D:2:      layout_rooms, hellmonk_ecumenical_altar_run_dry, minivault_24
D:3:      layout_loops_ring, nicolae_overflow_crystal_walls,
          mainiacjoe_overflow_brackets, mainiacjoe_overflow_catwalk_spiral
D:4:      nicolae_cairo_tiling_large_dashed, layout_basic, lemuel_crystal_altar,
          kennysheep_generic_room_2, uniq_duvessa

Skill      XL: |  1  2  3  4 |
---------------+-------------+-----
Ranged Weapons | 3 4 |  4.8
Fighting       | 2 |  2.0
Armour         | 1 |  1.0
Dodging        | |  1.5
Spellcasting   | |  1.0
Hexes          | |  2.6

Action                     |  1- 3 |  4- 6 || total
---------------------------+-------+-------++-------
   Fire: Sling             |    94 |   157 ||   251
    Use: Scroll            |     2 |     5 ||     7
         Potion            |       |     1 ||     1
 Armour: Ring mail         |     9 |    44 ||    53
         Robe              |     1 |       ||     1
  Dodge: Dodged            |    17 |    60 ||    77

Table legend:
 A = Non-vault XP
 B = Vault XP
 C = Vault XP percentage of total XP
 D = Non-vault monster count
 E = Vault monster count
 F = Vault count percentage of total count
                 A         B        C        D         E       F
            +---------+---------+-------+---------+---------+-------
      Total |     202 |       0 |   0.0 |      62 |       0 |   0.0
            +---------+---------+-------+---------+---------+-------
        D:1 |      33 |       0 |   0.0 |      18 |       0 |   0.0
        D:2 |      75 |       0 |   0.0 |      21 |       0 |   0.0
        D:3 |      88 |       0 |   0.0 |      20 |       0 |   0.0
        D:4 |       6 |       0 |   0.0 |       3 |       0 |   0.0
            +---------+---------+-------+---------+---------+-------
